 Dungeon Crawl Stone Soup version 0.25.1-2-g60ff931df9 (webtiles) character file.

Game seed: 4659449671596728697

867 orgron the Slinger (level 8, 0/52 HPs)
             Began as a Halfling Hunter on Aug 28, 2020.
             Slain by a two-headed ogre
             ... wielding a +0 giant spiked club
              (6 damage)
             ... on level 5 of the Dungeon.
             The game lasted 00:09:40 (4082 turns).

orgron the Slinger (Halfling Hunter)                Turns: 4082, Time: 00:09:41

Health: 0/52       AC:  3    Str: 14    XL:     8   Next: 23%
Magic:  8/8        EV: 15    Int:  9    God:
Gold:   172        SH:  0    Dex: 16    Spells: 7/7 levels left

rFire    . . .     SeeInvis .   a - +2 hunting sling
rCold    . . .     Gourm    .   (shield restricted)
rNeg     . . .     Faith    .   c - +0 leather armour
rPois    .         Spirit   .   n - +0 hat
rElec    .         Reflect  .   (no cloak)
rCorr    .         Harm     .   (no gloves)
MR       .....                  (no boots)
Stlth    ++........             (no amulet)
HPRegen  0.17/turn              (no ring)
MPRegen  0.11/turn              (no ring)

@: no status effects
A: small, mutation resistance 1
a: no special abilities


You were on level 5 of the Dungeon.
You were not hungry.

You visited 1 branch of the dungeon, and saw 5 of its levels.

You collected 172 gold pieces.

Inventory:

Hand Weapons
 a - a +2 hunting sling (weapon)
 b - a +0 short sword
Missiles
 e - 10 stones (quivered)
Armour
 c - a +0 leather armour (worn)
 n - a +0 hat (worn)
Wands
 i - a wand of flame (14)
Scrolls
 d - 2 scrolls of remove curse
 k - 2 scrolls of identify {unknown}
 m - 2 scrolls of enchant armour {unknown}
 q - 3 scrolls of amnesia {unknown}
 t - 2 scrolls of magic mapping {unknown}
Potions
 g - a potion of might {unknown}
 h - 2 potions of haste {unknown}
 j - a potion of curing {unknown}
 l - 2 potions of cancellation {unknown}
 p - 2 potions of brilliance {unknown}
 s - a potion of flight {unknown}
Comestibles
 f - 8 rations
 u - 2 chunks of flesh


   Skills:
 + Level 3.2 Fighting
 * Level 11.9(12.0) Slings
 - Level 1.0(5.4) Throwing
 + Level 2.2 Armour
 + Level 2.4 Dodging
 + Level 1.8 Stealth


You had 7 spell levels left.
You didn't know any spells.
Your spell library was empty.

Dungeon Overview and Level Annotations

Branches:
Dungeon (5/15)
 Temple: D:4-7

Altars:
Dithmenos
Yredelemnul

Annotations:
D:4 3 runed translucent doors, grovkorv's ghost, amateur DDEE; struggle's ghost, novice GrFi; viiviliisa's ghost, novice MiFi


Innate Abilities, Weirdness & Mutations

You are small and have problems with some larger weapons.
You are somewhat resistant to further mutation.


Message History

Aim: a slave (almost dead)
You shoot a stone. The stone barely misses the slave.
The slave hits you but does no damage.
Firing (i - inventory)
e - 12 stones (quivered)
Press: ? - help, Shift-Dir - straight line, f/p - slave
Aim: a slave (almost dead)
You shoot a stone.
The stone hits the slave but does no damage.
The slave is almost dead.
Firing (i - inventory)
e - 11 stones (quivered)
Press: ? - help, Shift-Dir - straight line, f/p - slave
Aim: a slave (almost dead)
You shoot a stone.
The stone hits the slave but does no damage.
The slave is almost dead.
The slave barely misses you.
There is a stone staircase leading up here.
The two-headed ogre closely misses you.
The two-headed ogre hits you with a +0 giant club.
You die...

#(##.### #.....###
..(....#####†........
##(..#...............
####(#####...#.......
...#((..([...########
##.#÷#####...###
#..÷# #......# ##..#
#....#.##### ####
#....#..@O.##
#....#####..##
##..###......#
###.####.######
#######...##...#
#............###
#........#####
#........# #........#


You could see a two-headed ogre.

Vanquished Creatures
  Menkaure (D:5)
  A sky beast (D:5)
  3 slaves (D:5)
  A phantom (D:5)
  An ogre (D:4)
  A howler monkey (D:5)
  A hound (D:4)
  An orc wizard (D:4)
  An orc priest (D:3)
  Jessica (D:3)
  Ijyb (D:3)
  Natasha (twice) (D:2)
  3 worker ants
  A hound zombie (D:5)
  A hound skeleton (D:5)
  Robin (D:3)
  A gnoll (D:1)
  5 adders
  2 oozes
  2 worms (D:2)
  4 leopard geckos
  7 orcs
  3 bats
  3 giant cockroaches
  13 goblins
  7 hobgoblins
  6 jackals
  3 ball pythons
  4 frilled lizards
  11 kobolds
  6 rats
98 creatures vanquished.

Vanquished Creatures (others)
  2 withered plants (D:4)
2 creatures vanquished.

Grand Total: 100 creatures vanquished

Notes
Turn   | Place    | Note
-------+----------+-------------------------------------------
     0 | D:1      | orgron the Halfling Hunter began the quest for the Orb.
     0 | D:1      | Reached XP level 1. HP: 14/14 MP: 1/1
   153 | D:1      | Reached skill level 6 in Slings
   222 | D:1      | Reached XP level 2. HP: 19/19 MP: 2/2
   301 | D:1      | Reached XP level 3. HP: 24/24 MP: 3/3
   640 | D:1      | Reached skill level 1 in Throwing
  1092 | D:2      | Found a basalt altar of Yredelemnul.
  1153 | D:2      | Reached skill level 7 in Slings
  1198 | D:2      | Reached XP level 4. HP: 29/29 MP: 4/4
  1507 | D:2      | Noticed Natasha
  1511 | D:2      | Killed Natasha
  1522 | D:2      | Found a shadowy altar of Dithmenos.
  1880 | D:2      | Noticed Natasha
  1883 | D:2      | Killed Natasha
  1883 | D:2      | Reached skill level 8 in Slings
  1883 | D:2      | Reached XP level 5. HP: 34/34 MP: 5/5
  2096 | D:3      | Reached skill level 1 in Armour
  2254 | D:3      | Noticed Ijyb
  2278 | D:3      | Killed Ijyb
  2551 | D:3      | Noticed Jessica
  2555 | D:3      | Killed Jessica
  2555 | D:3      | Reached XP level 6. HP: 41/41 MP: 6/6
  2586 | D:3      | Noticed Robin
  2593 | D:3      | Killed Robin
  2598 | D:3      | Reached skill level 9 in Slings
  3183 | D:4      | Found a runed translucent gate.
  3183 | D:4      | Found a runed translucent gate.
  3184 | D:4      | Found a runed translucent gate.
  3185 | D:4      | Noticed grovkorv's ghost (amateur DDEE)
  3186 | D:4      | Noticed viiviliisa's ghost (novice MiFi)
  3186 | D:4      | Noticed struggle's ghost (novice GrFi)
  3436 | D:4      | Identified the cursed +0 robe of Watchfulness {rF+ Dex+2}
  3547 | D:4      | Noticed an ogre
  3565 | D:4      | Killed an ogre
  3565 | D:4      | Reached skill level 10 in Slings
  3565 | D:4      | Reached XP level 7. HP: 30/45 MP: 7/7
  3799 | D:5      | Entered Level 5 of the Dungeon
  3899 | D:5      | Noticed Menkaure
  3902 | D:5      | Reached skill level 11 in Slings
  3906 | D:5      | Killed Menkaure
  3906 | D:5      | Reached XP level 8. HP: 52/52 MP: 8/8
  4053 | D:5      | HP: 1/52 [slave[Pikel] (8)]
  4058 | D:5      | Noticed a two-headed ogre
  4082 | D:5      | Slain by a two-headed ogre

Illustrated notes

Levels and vault maps discovered:
D:1:      mrwooster_arrival_statue, layout_basic, minmay_misc_feat_rugged,
          chequers_serial_rivers_micro_c
D:2:      layout_loops_corners, nicolae_overflow_hidden_temple,
          lemuel_round_altar, st_stairs_11, hangedman_decor_push, uniq_natasha
D:3:      layout_rooms, first_ration, uniq_ijyb, uniq_jessica, uniq_robin
D:4:      layout_loops_cross, gammafunk_ghost_cemetery
D:5:      layout_rooms, uniq_pikel, uniq_menkaure, uniq_crazy_yiuf_cottage,
          uniq_sigmund

Skill      XL: |  1  2  3  4  5  6  7 |
---------------+----------------------+-----
Fighting       | 2 3 |  3.2
Slings         | 6 7 8 10 11 | 11.9
Throwing       | 1 |  1.0
Armour         | 1 2 |  2.2
Dodging        | |  2.4
Stealth        | |  1.8

Action                   |  1- 3 |  4- 6 |  7- 9 || total
-------------------------+-------+-------+-------++-------
 Fire: Hunting sling     |    88 |   211 |   146 ||   445
  Use: Scroll            |       |     1 |     1 ||     2
  Eat: Chunk             |     1 |     7 |     1 ||     9
Armor: Leather armour    |     5 |     2 |    13 ||    20
Dodge: Dodged            |    16 |    26 |    36 ||    78
